A
LITTLE ROCK TRAVELERS @ TALLAHASSEE THUNDER
06/01/2059
 
TOP OF THE 1ST
Little Rock Travelers batting - Pitching for Tallahassee Thunder : RHP Magnus Picazo
Pitching: RHP Magnus Picazo
Batting: LHB Sanford Davis 0-0: Ball
1-0: Foul Ball, location: 2F
1-1: Foul Ball, location: 2F
1-2: Ball
2-2: Ground out 5-3 (Groundball, 5L, EV 75.6 MPH)
Batting: RHB Shannon Cox 0-0: Called Strike
0-1: Ball
1-1: Called Strike
1-2: Fly out, F9 (Flyball, 89S, EV 97.5 MPH)
Batting: LHB Neal McDonald 0-0: Ball
1-0: Ball
2-0: Ball
3-0: Base on Balls
Batting: RHB Joseph Skehan 0-0: Called Strike
Passed Ball!
Neal McDonald to second
0-1: Called Strike
0-2: Ball
1-2: SINGLE (Flyball, 78S, EV 96.9 MPH)
Neal McDonald to third
Batting: LHB Romello Velazquez 0-0: Called Strike
0-1: Ball
1-1: Swinging Strike
1-2: Ball
2-2: Ball
3-2: Fly out, F8 (Flyball, 8RM, EV 90.6 MPH)
Top of the 1st over - 0 runs, 1 hit, 0 errors, 2 left on base; Little Rock 0 - Tallahassee 0
BOTTOM OF THE 1ST
Tallahassee Thunder batting - Pitching for Little Rock Travelers : RHP Peter Nuckolls
Pitching: RHP Peter Nuckolls
Batting: RHB Danrad Orozco 0-0: Swinging Strike
0-1: Fly out, F7 (Flyball, 78M, EV 86.2 MPH)
Batting: RHB Sullivan Hazelwood 0-0: Ball
1-0: Ball
2-0: Ball
3-0: Swinging Strike
3-1: Swinging Strike
3-2: Strikes out swinging
Batting: SHB Zak Puckett 0-0: Ball
1-0: Swinging Strike
1-1: Swinging Strike
1-2: Ball
2-2: Ball
3-2: Foul Ball, location: 2F
3-2: Base on Balls
Batting: SHB Colt Heston 0-0: Swinging Strike
0-1: Foul Ball, location: 2F
0-2: Ball
1-2: Strikes out looking
Bottom of the 1st over - 0 runs, 0 hits, 0 errors, 1 left on base; Little Rock 0 - Tallahassee 0
TOP OF THE 2ND
Little Rock Travelers batting - Pitching for Tallahassee Thunder : RHP Magnus Picazo
Batting: RHB Christopher Rasmussen 0-0: Ball
1-0: Called Strike
1-1: Ball
2-1: SINGLE (Groundball, 6MD, EV 107.5 MPH)
Batting: RHB Joey Bird 0-0: Called Strike
0-1: Foul Ball, location: 2F
0-2: Foul Ball, location: 2F
0-2: Foul Ball, location: 2F
0-2: Foul Ball, location: 2F
0-2: Strikes out swinging
Batting: LHB Alando Kelder 0-0: Called Strike
0-1: Ball
1-1: Ball
2-1: Foul Ball, location: 2F
2-2: Foul Ball, location: 2F
2-2: Ball
3-2: Base on Balls
Christopher Rasmussen to second
Batting: RHB Mason Eubanks 0-0: Ground out 3-1 (Groundball, 3L, EV 103.8 MPH)
Christopher Rasmussen to third
Alando Kelder to second
Batting: LHB Sanford Davis 0-0: Ball
1-0: Called Strike
1-1: Ball
2-1: Foul Ball, location: 2F
2-2: Foul Ball, location: 2F
2-2: Ball
3-2: SINGLE (Groundball, 34D, EV 95.0 MPH)
Christopher Rasmussen scores
Alando Kelder to third
Runner from 3rd tries for Home, SAFE, throw by RF to home
Sanford Davis to second
Batting: RHB Shannon Cox 0-0: Called Strike
0-1: Ball
1-1: Swinging Strike
1-2: Ball
2-2: Strikes out swinging
Top of the 2nd over - 2 runs, 2 hits, 0 errors, 1 left on base; Little Rock 2 - Tallahassee 0
BOTTOM OF THE 2ND
Tallahassee Thunder batting - Pitching for Little Rock Travelers : RHP Peter Nuckolls
Batting: LHB Dave Seay 0-0: Ball
1-0: Foul Ball, location: 2F
1-1: Called Strike
1-2: SINGLE (Flyball, 9LS, EV 94.4 MPH)
Batting: RHB Rashad Green 0-0: Foul Ball, location: 2F
0-1: Foul Ball, location: 2F
0-2: Strikes out swinging
Batting: RHB Lucas Stewart 0-0: Called Strike
0-1: Ball
1-1: Ball
2-1: Foul Ball, location: 2F
2-2: Fielders Choice at 2nd, 4-6 (Groundball, 4, EV 92.5 MPH)
Batting: LHB Ken Holland 0-0: Ball
1-0: Ball
2-0: Ball
3-0: Called Strike
3-1: Base on Balls
Lucas Stewart to second
Batting: RHB Nathanael Novotny 0-0: Called Strike
0-1: Ball
1-1: Called Strike
1-2: Ball
2-2: Strikes out swinging
Bottom of the 2nd over - 0 runs, 1 hit, 0 errors, 2 left on base; Little Rock 2 - Tallahassee 0
TOP OF THE 3RD
Little Rock Travelers batting - Pitching for Tallahassee Thunder : RHP Magnus Picazo
Batting: LHB Neal McDonald 0-0: Ball
1-0: Foul Ball, location: 2F
1-1: Ball
2-1: Ball
3-1: Called Strike
3-2: Fly out, F9 (Flyball, 9LSF, EV 92.5 MPH)
Batting: RHB Joseph Skehan 0-0: Called Strike
0-1: Ball
1-1: Ball
2-1: SINGLE (Groundball, 56D, EV 108.1 MPH)
Batting: LHB Romello Velazquez 0-0: Called Strike
0-1: Swinging Strike
0-2: Ball
Passed Ball!
Joseph Skehan to second
1-2: Foul Ball, location: 2F
1-2: Ground out 6-3 (Groundball, 6, EV 86.2 MPH)
Batting: RHB Christopher Rasmussen 0-0: Swinging Strike
0-1: Foul Ball, location: 2F
0-2: Ball
1-2: Ball
2-2: Foul Ball, location: 2F
2-2: Ball
3-2: Ground out 3-1 (Groundball, 34S, EV 63.8 MPH)
Top of the 3rd over - 0 runs, 1 hit, 0 errors, 1 left on base; Little Rock 2 - Tallahassee 0
BOTTOM OF THE 3RD
Tallahassee Thunder batting - Pitching for Little Rock Travelers : RHP Peter Nuckolls
Batting: RHB Danrad Orozco 0-0: Foul Ball, location: 2F
0-1: Called Strike
0-2: Strikes out swinging
Batting: RHB Sullivan Hazelwood 0-0: Swinging Strike
0-1: Foul Ball, location: 2F
0-2: Strikes out looking
Batting: SHB Zak Puckett 0-0: Ball
1-0: Ball
2-0: Called Strike
2-1: Ball
3-1: Base on Balls
Batting: SHB Colt Heston 0-0: Ball
1-0: Foul Ball, location: 2F
1-1: Ball
2-1: Foul Ball, location: 2F
2-2: Foul Ball, location: 2F
2-2: Foul Ball, location: 2F
2-2: Foul Ball, location: 2F
2-2: Strikes out swinging
Bottom of the 3rd over - 0 runs, 0 hits, 0 errors, 1 left on base; Little Rock 2 - Tallahassee 0
TOP OF THE 4TH
Little Rock Travelers batting - Pitching for Tallahassee Thunder : RHP Magnus Picazo
Batting: RHB Joey Bird 0-0: DOUBLE (Flyball, 78D, EV 100.6 MPH)
Batting: LHB Alando Kelder 0-0: Ball
1-0: Ball
2-0: Foul Ball, location: 2F
2-1: Ball
3-1: Called Strike
3-2: Strikes out swinging
Batting: RHB Mason Eubanks 0-0: Fly out, F8 (Flyball, 89D, EV 94.4 MPH)
Batting: LHB Sanford Davis 0-0: Called Strike
0-1: Ball
1-1: Foul Ball, location: 2F
1-2: Foul Ball, location: 2F
1-2: DOUBLE (Flyball, 7LM, EV 105.6 MPH)
Joey Bird scores
Batting: RHB Shannon Cox 0-0: DOUBLE (Line Drive, 9LD, EV 103.8 MPH)
Sanford Davis scores
Batting: LHB Neal McDonald 0-0: Called Strike
0-1: Foul Ball, location: 2F
0-2: Ball
1-2: Fly out, F4 (Line Drive, 4, EV 63.1 MPH)
Top of the 4th over - 2 runs, 3 hits, 0 errors, 1 left on base; Little Rock 4 - Tallahassee 0
BOTTOM OF THE 4TH
Tallahassee Thunder batting - Pitching for Little Rock Travelers : RHP Peter Nuckolls
Batting: LHB Dave Seay 0-0: Ball
1-0: Called Strike
1-1: Ball
2-1: Foul Ball, location: 2F
2-2: Ball
3-2: Foul Ball, location: 2F
3-2: Base on Balls
Batting: RHB Rashad Green 0-0: Ball
1-0: Grounds into double play, 1-4-3 (Groundball, 15S, EV 65.0 MPH)
Batting: RHB Lucas Stewart 0-0: Foul Ball, location: 2F
0-1: Ball
1-1: Ball
2-1: Foul Ball, location: 2F
2-2: Foul Ball, location: 2F
2-2: Strikes out swinging
Bottom of the 4th over - 0 runs, 0 hits, 0 errors, 0 left on base; Little Rock 4 - Tallahassee 0
TOP OF THE 5TH
Little Rock Travelers batting - Pitching for Tallahassee Thunder : RHP Magnus Picazo
Batting: RHB Joseph Skehan 0-0: Called Strike
0-1: Swinging Strike
0-2: Ball
1-2: Ball
2-2: Foul Ball, location: 2F
2-2: Strikes out swinging
Pitching: RHP Bailey Pilarski
Batting: LHB Romello Velazquez 0-0: Swinging Strike
0-1: Ball
1-1: Ground out U3 (Groundball, 3L, EV 81.2 MPH)
Batting: RHB Christopher Rasmussen 0-0: Ball
1-0: Foul Ball, location: 2F
1-1: Called Strike
1-2: Ground out 4-3 (Groundball, 4, EV 90.6 MPH)
Top of the 5th over - 0 runs, 0 hits, 0 errors, 0 left on base; Little Rock 4 - Tallahassee 0
BOTTOM OF THE 5TH
Tallahassee Thunder batting - Pitching for Little Rock Travelers : RHP Peter Nuckolls
Batting: LHB Ken Holland 0-0: Swinging Strike
0-1: Hit by Pitch
Batting: RHB Nathanael Novotny 0-0: Called Strike
0-1: SINGLE (Line Drive, 89S, EV 111.2 MPH)
Ken Holland to second
Batting: RHB Danrad Orozco 0-0: Called Strike
0-1: Foul Ball, location: 2F
0-2: Ball
1-2: Foul Ball, location: 2F
1-2: Ball
2-2: Strikes out swinging
Batting: RHB Sullivan Hazelwood 0-0: Fielders Choice at 2nd, 3-6 (Groundball, 34, EV 76.2 MPH)
Ken Holland to third
Batting: SHB Zak Puckett 0-0: Called Strike
0-1: Foul Ball, location: 2F
0-2: Ball
1-2: Ball
2-2: SINGLE (Groundball, 34D, EV 100.6 MPH)
Ken Holland scores
Sullivan Hazelwood to second
Runner from 2nd tries for 3rd, SAFE, throw by RF made to third
Batting: SHB Colt Heston 0-0: Ball
1-0: Ball
2-0: SINGLE (Groundball, 56D, EV 96.2 MPH)
Sullivan Hazelwood scores
Zak Puckett to second
Batting: LHB Dave Seay 0-0: Ball
1-0: Fly out, F8 (Flyball, 78M, EV 78.8 MPH)
Bottom of the 5th over - 2 runs, 3 hits, 0 errors, 2 left on base; Little Rock 4 - Tallahassee 2
TOP OF THE 6TH
Little Rock Travelers batting - Pitching for Tallahassee Thunder : RHP Bailey Pilarski
Batting: RHB Joey Bird 0-0: Ball
1-0: SINGLE (Line Drive, 9S, EV 93.8 MPH)
Batting: LHB Alando Kelder 0-0: SINGLE (Groundball, 56D, EV 94.4 MPH)
Joey Bird to second
Batting: RHB Mason Eubanks 0-0: Bunted foul
0-1: Ball
1-1: Bunt - Flyout to 15S! F1
Batting: LHB Sanford Davis 0-0: Ball
1-0: Foul Ball, location: 2F
1-1: Called Strike
1-2: Ball
2-2: SINGLE (Line Drive, 5D, EV 100.0 MPH)
Joey Bird to third
Alando Kelder to second
Batting: RHB Shannon Cox 0-0: Called Strike
0-1: Ball
1-1: Foul Ball, location: 2F
1-2: Ball
2-2: Strikes out looking
Batting: LHB Neal McDonald 0-0: Called Strike
0-1: Swinging Strike
0-2: Ball
1-2: SINGLE (Groundball, 56D, EV 103.1 MPH)
Joey Bird scores
Alando Kelder to third
Sanford Davis to second
Batting: RHB Joseph Skehan 0-0: Ball
1-0: Foul Ball, location: 2F
1-1: SINGLE (Groundball, 56D, EV 104.4 MPH)
Alando Kelder scores
Sanford Davis to third
Neal McDonald to second
Runner from 3rd tries for Home, SAFE, throw by LF to home
Pitching: LHP Evan Melancon
Batting: LHB Romello Velazquez 0-0: Ball
1-0: Ball
2-0: Ball
3-0: Foul Ball, location: 2F
3-1: Called Strike
3-2: Strikes out swinging
Top of the 6th over - 3 runs, 5 hits, 0 errors, 2 left on base; Little Rock 7 - Tallahassee 2
BOTTOM OF THE 6TH
Tallahassee Thunder batting - Pitching for Little Rock Travelers : RHP Peter Nuckolls
Batting: RHB Rashad Green 0-0: Swinging Strike
0-1: SOLO HOME RUN (Flyball, 7D, EV 91.2 MPH), Distance : 350 ft
Batting: RHB Lucas Stewart 0-0: Ball
1-0: Ball
2-0: Ball
3-0: Called Strike
3-1: Fly out, F7 (Flyball, 78S, EV 89.4 MPH)
Batting: LHB Ken Holland 0-0: Ball
1-0: Ball
2-0: Ground out 4-3 (Groundball, 4M, EV 83.1 MPH)
Batting: RHB Nathanael Novotny 0-0: Called Strike
0-1: SINGLE (Groundball, 34D, EV 107.5 MPH)
Pitching: LHP Dave Jackson
Batting: RHB Danrad Orozco 0-0: Foul Ball, location: 2F
0-1: Called Strike
0-2: Ground out 6-3 (Groundball, 4MS, EV 75.6 MPH)
Bottom of the 6th over - 1 run, 2 hits, 0 errors, 1 left on base; Little Rock 7 - Tallahassee 3
TOP OF THE 7TH
Little Rock Travelers batting - Pitching for Tallahassee Thunder : LHP Evan Melancon
Batting: RHB Christopher Rasmussen 0-0: SINGLE (Groundball, 6MD, EV 95.0 MPH)
Batting: RHB Joey Bird 0-0: Called Strike
Christopher Rasmussen is caught stealing 2nd base 2-4
0-1: Foul Ball, location: 2F
0-2: Strikes out looking
Batting: LHB Alando Kelder 0-0: Ball
1-0: Foul Ball, location: 2F
1-1: Called Strike
1-2: Foul Ball, location: 2F
1-2: Strikes out swinging
Top of the 7th over - 0 runs, 1 hit, 0 errors, 0 left on base; Little Rock 7 - Tallahassee 3
BOTTOM OF THE 7TH
Tallahassee Thunder batting - Pitching for Little Rock Travelers : LHP Dave Jackson
Batting: RHB Sullivan Hazelwood 0-0: Called Strike
0-1: Ball
1-1: Called Strike
1-2: Ball
2-2: Foul Ball, location: 2F
2-2: Ball
3-2: Foul Ball, location: 2F
3-2: Base on Balls
Batting: SHB Zak Puckett 0-0: Fielders Choice at 2nd, 6-4 (Groundball, 6, EV 82.5 MPH)
Batting: SHB Colt Heston 0-0: Foul Ball, location: 2F
0-1: Ball
1-1: Ball
2-1: Swinging Strike
2-2: Grounds into double play, 5-4-3 (Groundball, 56S, EV 86.2 MPH)
Bottom of the 7th over - 0 runs, 0 hits, 0 errors, 0 left on base; Little Rock 7 - Tallahassee 3
TOP OF THE 8TH
Little Rock Travelers batting - Pitching for Tallahassee Thunder : LHP Evan Melancon
Batting: RHB Mason Eubanks 0-0: Ball
1-0: Foul Ball, location: 2F
1-1: Ball
2-1: Ball
3-1: Foul Ball, location: 2F
3-2: Ground out U3 (Groundball, 34, EV 108.8 MPH)
Batting: LHB Sanford Davis 0-0: Foul Ball, location: 2F
0-1: Called Strike
0-2: Ball
1-2: Ball
2-2: Foul Ball, location: 2F
2-2: Foul Ball, location: 2F
2-2: Ball
3-2: SINGLE (Line Drive, 7S, EV 90.6 MPH)
Batting: RHB Shannon Cox 0-0: Foul Ball, location: 2F
0-1: Called Strike
0-2: Ball
1-2: Strikes out swinging
Batting: LHB Neal McDonald 0-0: Ball
Sanford Davis steals 2nd base
1-0: Swinging Strike
1-1: DOUBLE (Flyball, 78D, EV 91.2 MPH)
Sanford Davis scores
Batting: RHB Joseph Skehan 0-0: Ball
1-0: SINGLE (Line Drive, 3D, EV 110.6 MPH)
Neal McDonald to third
Batting: LHB Romello Velazquez 0-0: Swinging Strike
0-1: Swinging Strike
0-2: Ball
1-2: Strikes out swinging
Top of the 8th over - 1 run, 3 hits, 0 errors, 2 left on base; Little Rock 8 - Tallahassee 3
BOTTOM OF THE 8TH
Tallahassee Thunder batting - Pitching for Little Rock Travelers : LHP Dave Jackson
Batting: LHB Dave Seay 0-0: Ball
1-0: Fly out, F7 (Flyball, 7, EV 81.2 MPH)
Batting: RHB Rashad Green 0-0: Ball
1-0: SINGLE (Groundball, 56D, EV 104.4 MPH)
Batting: RHB Lucas Stewart 0-0: SINGLE (Groundball, 34D, EV 103.8 MPH)
Rashad Green to second
Runner from 2nd tries for 3rd, OUT! 9-5
Lucas Stewart to second
Batting: LHB Ken Holland 0-0: Called Strike
0-1: Fly out, F8 (Flyball, 8LS, EV 88.8 MPH)
Bottom of the 8th over - 0 runs, 2 hits, 0 errors, 1 left on base; Little Rock 8 - Tallahassee 3
TOP OF THE 9TH
Little Rock Travelers batting - Pitching for Tallahassee Thunder : LHP Evan Melancon
Batting: RHB Christopher Rasmussen 0-0: Ball
1-0: SINGLE (Groundball, 6M, EV 95.0 MPH)
Pitching: LHP Damon Cummings
Batting: RHB Joey Bird 0-0: Foul Ball, location: 2F
0-1: Ball
1-1: Ball
2-1: Ball
3-1: Grounds into double play, 6-4-3 (Groundball, 6M, EV 99.4 MPH)
Batting: LHB Alando Kelder 0-0: Called Strike
0-1: Foul Ball, location: 2F
0-2: Strikes out swinging
Top of the 9th over - 0 runs, 1 hit, 0 errors, 0 left on base; Little Rock 8 - Tallahassee 3
BOTTOM OF THE 9TH
Tallahassee Thunder batting - Pitching for Little Rock Travelers : LHP Dave Jackson
Batting: RHB Nathanael Novotny 0-0: Foul Ball, location: 2F
0-1: Ground out 2-3 (Groundball, 15S, EV 70.0 MPH)
Batting: RHB Danrad Orozco 0-0: Ball
1-0: Ball
2-0: Called Strike
2-1: Swinging Strike
2-2: Strikes out swinging
Batting: RHB Sullivan Hazelwood 0-0: Called Strike
0-1: Swinging Strike
0-2: Hit by Pitch
Batting: SHB Zak Puckett 0-0: Ball
1-0: 2-RUN HOME RUN (Flyball, 7D, EV 95.0 MPH), Distance : 356 ft
Batting: SHB Colt Heston 0-0: Ball
1-0: Called Strike
1-1: Fly out, F8 (Line Drive, 8LM, EV 89.4 MPH)
Bottom of the 9th over - 2 runs, 1 hit, 0 errors, 0 left on base; Little Rock 8 - Tallahassee 5
Friday, March 1st , 2024 - OOTP Baseball 23.10 Build 110